 Dungeon Crawl Stone Soup version 0.28-a0-1087-gf3fc490d9d (webtiles) character file.

Game seed: 14424507728426960292

651 ytrimaz the Insei (level 7, -1/46 HPs)
             Began as an Octopode Transmuter on Dec 10, 2021.
             Was an Initiate of Ashenzari.
             Slain by a scorpion (2 damage)
             ... on level 5 of the Dungeon.
             The game lasted 00:06:00 (7006 turns).

ytrimaz the Insei (Octopode Transmuter)             Turns: 7006, Time: 00:06:01

Health: -1/46      AC:  1    Str:  9    XL:     7   Next: 53%
Magic:  13/13      EV: 13    Int: 18    God:    Ashenzari [......]
Gold:   199        SH:  0    Dex: 12    Spells: 5/14 levels left

rFire   . . .      SeeInvis +     - Unarmed
rCold   . . .      Faith    .   (no shield)
rNeg    . . .      Spirit   .   (helmet restricted)
rPois   .          Reflect  .   (no amulet)
rElec   .          Harm     .   a - ring of see invisible
rCorr   .          Rampage  .   (no ring)
Will    .....                   (no ring)
Stlth   ++........              (no ring)
HPRegen 0.15/turn               (no ring)
MPRegen 0.13/turn               (no ring)
                                (no ring)
                                (no ring)

@: no status effects
A: almost no armour, amphibious, 8 rings, camouflage 1, gelatinous body 1,
(nimble swimmer 1), tentacles
a: Renounce Religion


You were on level 5 of the Dungeon.
You worshipped Ashenzari.
Ashenzari was noncommittal.
You visited 2 branches of the dungeon, and saw 6 of its levels.
You also visited: Sewer.

You collected 199 gold pieces.

Inventory:

Missiles
 j - a throwing net
Jewellery
 a - a ring of see invisible (left tentacle)
Scrolls
 c - 2 scrolls of enchant weapon
 f - a scroll of blinking
Potions
 b - a potion of might
 d - 3 potions of lignification
 e - a potion of invisibility {unknown}
 g - a potion of degeneration {unknown}
 h - 3 potions of attraction {unknown}
 i - 2 potions of curing {unknown}


   Skills:
 * Level 3.0 Fighting
 - Level 2.0 Dodging
 + Level 5.4 Unarmed Combat
 * Level 4.1 Spellcasting
 * Level 3.8 Transmutations
 * Level 2.5 Poison Magic


You had 5 spell levels left.
You knew the following spells:

 Your Spells              Type           Power      Damage    Failure   Level
a - Wereblood             Tmut           17%        N/A       4%          2
b - Spider Form           Tmut/Pois      15%        N/A       12%         3
c - Ice Form              Ice/Tmut       10%        N/A       54%         4

Your spell library contained the following spells:

 Spells                   Type           Power      Damage    Failure   Level
 Beastly Appendage        Tmut           34%        N/A       3%          1
 Poisonous Vapours        Pois/Air       16%        N/A       13%         2
 Corpse Rot               Necr/Air       6%         N/A       22%         2


Dungeon Overview and Level Annotations

Branches:
Dungeon (5/15)             Temple (1/1) D:5           Sewer (visited)

Altars:
Ashenzari
Cheibriados
Dithmenos
Elyvilon
Fedhas
Gozag
Kikubaaqudgha
Qazlal
Sif Muna
Trog
Uskayaw
Vehumet
Wu Jian
Xom
Yredelemnul
Zin
The Shining One


Innate Abilities, Weirdness & Mutations

You cannot wear most types of armour.
You are amphibious.
You can wear up to eight rings at the same time.
Your skin changes colour to match your surroundings (Stealth+).
Your rubbery body absorbs attacks. (AC +1, EV +1)
((You are camouflaged near water. (Stealth+)))
You have tentacles for arms and can constrict up to eight enemies at once.


Message History

a +0 flail; an orc corpse You tentacle-slap the orc.
You grab the orc.
The orc is lightly wounded.
You constrict the orc.
The orc hits you with a +2 short sword of freezing!
The orc freezes you.
You tentacle-slap the orc but do no damage.
The orc is heavily wounded.
You constrict the orc, but do no damage.
The orc hits you with a +2 short sword of freezing.
The orc freezes you. The scorpion stings you!
You tentacle-slap the orc.
The orc is severely wounded.
You constrict the orc, but do no damage.
The scorpion barely misses you. The orc barely misses you.
You tentacle-slap the orc but do no damage.
The orc is severely wounded.
You constrict the orc, but do no damage.
The scorpion barely misses you. The orc misses you.
You closely miss the scorpion. Your grab misses the scorpion.
You constrict the orc, but do no damage.
The scorpion barely misses you. The orc barely misses you.
The orc shouts!
You tentacle-slap the scorpion. You grab the scorpion.
You squeeze the scorpion.
The scorpion is moderately wounded.
You constrict the orc.
You constrict the scorpion, but do no damage.
The scorpion stings you!
The orc hits you with a +2 short sword of freezing.
* * * LOW HITPOINT WARNING * * *
The orc freezes you.
* * * LOW HITPOINT WARNING * * *
Unknown command.
Unknown command.
You release your grip on the orc.
You release your grip on the scorpion.
The scorpion stings you!
* * * LOW HITPOINT WARNING * * *
The scorpion stings you.
You die...

### ..# ### #####
#.# ... ...#
##.###.##.## #..
#..o.os....###
###..
#..###@.......
..... #
#.##############..
##.# #........ #..#
#.####... #..# #.#
#.##
#..########.####.##
#..................
#.####.....†#######
## #.......#


You could see a scorpion and 2 orcs.

Vanquished Creatures
  A water moccasin (D:5)
  A sky beast (D:4)
  A bullfrog (Sewer)
  A bullfrog skeleton (D:4)
  An orc priest (D:5)
  A hound (D:5)
  A hound skeleton (D:4)
  A howler monkey zombie (D:5)
  8 adders
  7 gnolls
  A white imp (D:5)
  An ufetubus (D:4)
  An adder skeleton (D:4)
  2 dart slugs
  8 orcs
  10 ball pythons
  8 endoplasms
  14 giant cockroaches
  7 goblins
  12 hobgoblins
  5 kobolds
  5 quokkas
  5 bats
  11 frilled lizards
  6 rats
119 creatures vanquished.

Notes
Turn   | Place    | Note
-------+----------+-------------------------------------------
     0 | D:1      | ytrimaz the Octopode Transmuter began the quest for the
                  | Orb.
     0 | D:1      | Reached XP level 1. HP: 13/13 MP: 3/3
   286 | D:1      | Reached XP level 2. HP: 17/18 MP: 5/5
   289 | D:1      | Learned a level 2 spell: Wereblood
   822 | D:1      | Reached XP level 3. HP: 20/23 MP: 6/6
   832 | D:1      | Learned a level 3 spell: Spider Form
  1706 | D:2      | You fall into a shaft and drop 1 floor!
  1784 | D:2      | Found a faded altar of an unknown god.
  2318 | D:2      | Reached XP level 4. HP: 25/28 MP: 4/7
  2547 | D:2      | HP: 1/28 [poisoned by an adder]
  3448 | D:3      | Learned a level 4 spell: Ice Form
  3507 | D:3      | Reached skill level 4 in Unarmed Combat
  4051 | D:4      | Reached XP level 5. HP: 31/34 MP: 9/9
  4316 | D:4      | Found a glowing drain.
  4339 | Sewer    | Entered a sewer
  4626 | Sewer    | Reached skill level 1 in Poison Magic
  4793 | Sewer    | Reached XP level 6. HP: 34/39 MP: 8/11
  5058 | D:4      | Found a shimmering altar of Xom.
  5692 | D:4      | Noticed a sky beast
  5707 | D:4      | Killed a sky beast
  5708 | D:4      | Reached skill level 5 in Unarmed Combat
  6009 | D:5      | Entered Level 5 of the Dungeon
  6018 | D:5      | Reached XP level 7. HP: 37/45 MP: 9/12
  6087 | D:5      | Found a staircase to the Ecumenical Temple.
  6095 | Temple   | Entered the Ecumenical Temple
  6243 | Temple   | Became a worshipper of Ashenzari the Shackled
  7006 | D:5      | HP: 1/46 [scorpion (9)]
  7006 | D:5      | Slain by a scorpion

Illustrated notes

Levels and vault maps discovered:
D:1:      noname_arrival_rooms_in_the_neighbourhood, layout_basic
D:2:      minmay_angry_zag, layout_basic,
          shapermc_ecumenical_altar_mp_ritualfount, minmay_tetromino_t4
D:3:      layout_loops_corners
D:4:      layout_gridville, nicolae_overflow_crystal_walls, portal_sewer_entry_f
D:5:      kennysheep_big_flooded_room, layout_loops_ring,
          minmay_temple_entry_sparse_star
Temple:   regret_index_temple_sphere_string

Skill      XL: |  1  2  3  4  5  6  7 |
---------------+----------------------+-----
Spellcasting   | 3 4 |  4.1
Unarmed Combat | 4 5 |  5.4
Fighting       | 2 3 |  3.0
Transmutations | 3 |  3.8
Poison Magic   | 1 2 |  2.5
Dodging        | |  2.0

Action                   |  1- 3 |  4- 6 |  7- 9 || total
-------------------------+-------+-------+-------++-------
Melee: Unarmed           |   110 |   185 |    48 ||   343
       Constrict         |    25 |    46 |     6 ||    77
       Tentacles         |    11 |    21 |     6 ||    38
       Kick              |     1 |       |       ||     1
       Punch             |     1 |     3 |       ||     4
 Cast: Beastly Appendage |     2 |       |       ||     2
       Wereblood         |    13 |     8 |     1 ||    22
       Spider Form       |       |     4 |     2 ||     6
       Ice Form          |       |       |     1 ||     1
  Use: Scroll            |     5 |     1 |     1 ||     7
       Potion            |       |     2 |       ||     2
 Stab: Sleeping          |     8 |     4 |     1 ||    13
Armor: Skin              |     5 |    17 |     2 ||    24
Dodge: Dodged            |    52 |   133 |    40 ||   225

Table legend: (Time is in decaauts)
 A = Elapsed time spent in this place.
 B = Non-inter-level travel time spent in this place.
 C = Inter-level travel time spent in this place.
 D = Time resting spent in this place.
 E = Time spent auto-exploring this place.
 F = Levels seen in this place.
 G = Mean time per level.
                   A        B        C        D        E       F      G
               +--------+--------+--------+--------+--------+-----+--------+
         Total |   6982 |   6818 |    164 |    646 |   5158 |   7 |  997.4 |
       Dungeon |   5963 |   5822 |    141 |    297 |   4644 |   5 | 1192.6 |
        Temple |    515 |    492 |     23 |    349 |    123 |   1 |  515.0 |
         Sewer |    503 |    503 |      0 |      0 |    391 |   1 |  503.0 |
               +--------+--------+--------+--------+--------+-----+--------+

Top non-repeatable levels by time:
     D:3: 1480 daAuts
     D:1: 1463 daAuts
     D:4: 1286 daAuts
     D:2: 1256 daAuts
  Temple: 515 daAuts
   Sewer: 503 daAuts
     D:5: 477 daAuts
